 Dungeon Crawl Stone Soup version 0.24.0-7-gb3623d2c88 (webtiles) character file.

Game seed: 9120324711713529227, levelgen mode: deterministic

8090 inmateoo the Fighter (level 11, -2/117 HPs)
             Began as a Troll Hunter on Nov 2, 2019.
             Was an Elder of Cheibriados.
             Slain by Snorg (12 damage)
             ... on level 10 of the Dungeon.
             The game lasted 00:17:56 (7772 turns).

inmateoo the Fighter (Troll Hunter)                 Turns: 7772, Time: 00:17:56

Health: -2/117     AC:  7    Str: 35    XL:     11   Next: 5%
Magic:  0/14       EV: 13    Int: 21    God:    Cheibriados [****..]
Gold:   523        SH:  0    Dex: 20    Spells: 10/10 levels left

rFire    . . .     SeeInvis .     - Unarmed
rCold    + + .     Gourm    +   (no shield)
rNeg     . . .     Faith    .   s - +1 robe "Natyph" {rElec rC+ Int+4}
rPois    .         Spirit   +   (helmet restricted)
rElec    +         Reflect  .   A - scarf {Spirit}
rCorr    .         Harm     .   (gloves unavailable)
MR       .....                  (boots unavailable)
Stlth    ++........             (no amulet)
HPRegen  0.69/turn              K - ring of protection from cold
MPRegen  0.14/turn              (no ring)

@: about to teleport, very slow
A: large, unfitting armour, claws 3, fast metabolism 3, gourmand, regeneration
1, shaggy fur 1, tough skin 3
a: Bend Time, Temporal Distortion, Slouch, Renounce Religion


You were on level 10 of the Dungeon.
You worshipped Cheibriados.
Cheibriados was greatly pleased with you.
You were full.

You visited 2 branches of the dungeon, and saw 11 of its levels.
You also visited: Ossuary.

You collected 523 gold pieces.

Inventory:

Hand Weapons
 r - a +4 dagger
 L - the +1 broad axe of the Sixty-Six Hells {flame, Int+7 Dex+4}
   (You took it off an orc warrior on level 8 of the Dungeon)

   It has been specially enchanted to burn those struck by it, causing extra
   injury to most foes and up to half again as much damage against particularly
   susceptible opponents.
   Big, fiery blades are also staple armaments of hydra-hunters.
   It affects your intelligence (+7).
   It affects your dexterity (+4).
Missiles
 c - 5 large rocks (quivered)
 k - 213 stones
 l - 32 poisoned darts
 t - 3 boomerangs
Armour
 g - a +2 robe of the Archmagi
 s - the +1 robe "Natyph" (worn) {rElec rC+ Int+4}
   (You found it on level 7 of the Dungeon)

   It affects your intelligence (+4).
   It protects you from cold.
   It insulates you from electricity.
 A - a scarf of spirit shield (worn)
Jewellery
 K - a ring of protection from cold (left claw)
Wands
 j - a wand of iceblast (10)
 q - a wand of polymorph (2)
 w - a wand of enslavement (9)
 B - a wand of flame (10)
 E - a wand of digging (5)
Scrolls
 a - 2 scrolls of immolation
 h - 7 scrolls of teleportation
 i - a scroll of blinking
 p - 3 scrolls of remove curse
 u - 2 scrolls of enchant weapon
 y - 4 scrolls of amnesia
 z - a scroll of fog
 H - 2 scrolls of enchant armour
 I - a scroll of identify
 J - a scroll of magic mapping
Potions
 b - 3 potions of resistance
 e - 3 potions of mutation
 m - 6 potions of brilliance
 n - 2 potions of agility
 o - 7 potions of curing
 v - 2 potions of haste
 C - 2 potions of might
 D - 2 potions of cancellation
 F - 2 potions of flight
 G - 3 potions of heal wounds
Comestibles
 f - 19 rations


   Skills:
 - Level 10.0 Fighting
 - Level 7.1 Throwing
 - Level 5.0 Dodging
 - Level 0.3 Stealth
 - Level 6.0 Unarmed Combat
 + Level 5.9 Invocations


You had 10 spell levels left.
You didn't know any spells.
Your spell library contained the following spells:

 Spells                   Type           Power        Failure   Level  Hunger
 Confusing Touch          Hex            #.....       19%         1    ##.....
 Poisonous Vapours        Pois/Air       #.....       26%         2    ###....
 Confuse                  Hex            #.......     47%         3    ####...
 Conjure Flame            Conj/Fire      #.......     47%         3    ####...
 Gell's Gravitas          Tloc           #.........   47%         3    ####...
 Mephitic Cloud           Conj/Pois/Air  #.......     47%         3    ####...
 Petrify                  Tmut/Erth      #.......     87%         4    #####..
 Metabolic Englaciation   Hex/Ice        #.........   99%         5    ######.
 Yara's Violent Unravell  Hex/Tmut       #.........   99%         5    ######.
 Freezing Cloud           Conj/Ice/Air   #.........   100%        6    #######
 Ring of Flames           Chrm/Fire      #.........   100%        7    #######


Dungeon Overview and Level Annotations

Branches:
Dungeon (10/15)            Temple (1/1) D:4         Ossuary (visited)
   Lair: D:8-11         Orc: D:9-12

Altars:
Ashenzari
Cheibriados
Dithmenos
Elyvilon
Fedhas
Gozag
Hepliaklqana
Kikubaaqudgha
Makhleb
Nemelex Xobeh
Okawaru
Qazlal
Ru
Sif Muna
Trog
Uskayaw
Vehumet
Wu Jian
Xom
Yredelemnul
Zin
The Shining One
Beogh
Lugonu

Shops:
D:6 :

Annotations:
D:10 Snorg


Innate Abilities, Weirdness & Mutations

You are too large for most types of armour.
You have claws for hands.
Your metabolism is lightning-fast.
You like to eat raw meat.
Your natural rate of healing is unusually fast.
You are covered in fur. (AC +1)
You have extremely tough skin. (AC +3)


Message History

Snorg is moderately wounded.
Snorg struggles against the net.
You claw Snorg!
Snorg is moderately wounded.
Snorg struggles against the net. x2
The net rips apart, and Snorg comes free!
You claw Snorg!
Snorg is heavily wounded.
Snorg bites you! Snorg claws you!! Snorg claws you!
Unknown command.
Evoke which item? (* to show all) (? for menu, Esc to quit)
Okay, then.
As you read the scroll of teleportation, it crumbles to dust.
You feel strangely unstable. Snorg bites you! Snorg claws you!
Snorg misses you. Snorg bites you!
* * * LOW HITPOINT WARNING * * *
Snorg claws you!
* * * LOW HITPOINT WARNING * * *
Snorg claws you!
You die...

#..# ##.# #.#
#.# #.# #.#
#.#
########.###
#(....T@...#
#..........#
#....$.....#
............#
##.....(....#
######.#####
#.# #.#


You could see Snorg (berserk).

Vanquished Creatures
  A tengu warrior (D:7)
  The ghost of Aviak the Magician, a novice GnFE (D:8)
  A troll (D:7)
  2 hippogriffs
  3 hogs (D:8)
  A yak (D:8)
  A human (D:8)
  2 hungry ghosts (D:7)
  Menkaure (D:6)
  An acid dragon (D:7)
  4 ice beasts
  2 orc warriors (D:8)
  A black bear (D:7)
  5 sky beasts
  An eye of draining (D:7)
  4 centaurs
  5 ogres
  3 big kobolds
  5 bullfrogs
  A gnoll sergeant (D:7)
  12 scorpions
  4 killer bees (D:7)
  5 wights (D:8)
  A howler monkey (D:5)
  A quasit (D:7)
  2 centaur zombies
  3 crimson imps
  5 hounds
  A bullfrog zombie (D:5)
  3 orc priests
  4 human zombies (Ossuary)
  9 jellies
  A bullfrog skeleton (D:8)
  2 orc wizards
  6 worker ants
  7 iguanas
  A big kobold zombie (Ossuary)
  A hound zombie (D:5)
  3 mummies (Ossuary)
  7 gnolls
  11 adders
  4 scorpion zombies (Ossuary)
  2 shadow imps
  4 worms
  3 dart slugs
  2 leopard geckos
  31 orcs
  8 bats
  6 giant cockroaches
  5 gnoll zombies (Ossuary)
  7 goblins
  6 hobgoblins
  3 jackals (D:5)
  3 quokkas
  3 frilled lizards
  3 goblin zombies (Ossuary)
  A hobgoblin zombie (Ossuary)
  9 kobolds
  2 kobold zombies (Ossuary)
  A leopard gecko skeleton (D:7)
  An orc zombie (Ossuary)
  A quokka skeleton (D:8)
  4 rats
243 creatures vanquished.

Vanquished Creatures (collateral kills)
  An orc priest (D:8)
1 creature vanquished.

Grand Total: 244 creatures vanquished

Notes
Turn   | Place    | Note
-------+----------+-------------------------------------------
     0 | D:1      | inmateoo the Troll Hunter began the quest for the Orb.
     0 | D:1      | Reached XP level 1. HP: 19/19 MP: 0/0
   101 | D:1      | Reached skill level 1 in Unarmed Combat
   154 | D:1      | Reached XP level 2. HP: 28/28 MP: 1/1
   918 | D:2      | Reached XP level 3. HP: 29/35 MP: 2/2
   931 | D:2      | Found a sacrificial altar of Ru.
  1495 | D:3      | Found an iron altar of Okawaru.
  1686 | D:3      | Found a shadowy altar of Dithmenos.
  1752 | D:3      | Reached XP level 4. HP: 42/42 MP: 3/3
  1780 | D:3      | Reached skill level 2 in Fighting
  2070 | D:3      | Found a sparkling altar of Nemelex Xobeh.
  2320 | D:4      | Found a staircase to the Ecumenical Temple.
  2348 | Temple   | Entered the Ecumenical Temple
  2416 | D:4      | Reached XP level 5. HP: 33/49 MP: 4/4
  2463 | D:4      | Found a blossoming altar of Fedhas.
  2542 | D:4      | Noticed a centaur
  2550 | D:4      | Killed a centaur
  2550 | D:4      | Reached skill level 5 in Unarmed Combat
  2633 | D:4      | Reached XP level 6. HP: 54/57 MP: 5/5
  3006 | D:5      | Entered Level 5 of the Dungeon
  3070 | D:5      | Found an opulent altar of Gozag.
  3134 | D:5      | Reached skill level 3 in Fighting
  3241 | D:5      | Reached XP level 7. HP: 56/68 MP: 6/6
  3245 | D:5      | Reached skill level 4 in Fighting
  3282 | D:5      | HP: 1/70 [centaur/+0 mace (13)]
  3422 | D:5      | Found a bloodstained altar of Trog.
  3438 | D:5      | Found a hide-covered altar of Uskayaw.
  3586 | D:5      | Reached skill level 5 in Fighting
  3695 | D:5      | Found a radiant altar of Vehumet.
  3695 | D:5      | Found a burning altar of Makhleb.
  3736 | D:5      | Found a glowing golden altar of the Shining One.
  3738 | D:5      | Noticed an angel
  3755 | D:5      | Found a basalt altar of Yredelemnul.
  3757 | D:5      | Noticed a profane servitor
  3869 | D:6      | Found Kouddy's Book Emporium.
  3886 | D:6      | Noticed Menkaure
  3970 | D:6      | Killed Menkaure
  3970 | D:6      | Reached XP level 8. HP: 46/81 MP: 3/7
  4260 | D:6      | Reached skill level 5 in Throwing
  4303 | D:6      | Reached skill level 6 in Fighting
  4436 | D:6      | Found a shattered altar of Ashenzari.
  4570 | D:7      | Found a snail-covered altar of Cheibriados.
  4574 | D:7      | Became a worshipper of Cheibriados the Contemplative
  4632 | D:7      | Got a fine robe
  4675 | D:7      | Found a shattered altar of Ashenzari.
  4738 | D:7      | Found a sand-covered staircase.
  4742 | Ossuary  | Entered an ossuary
  4765 | Ossuary  | Reached XP level 9. HP: 91/92 MP: 8/8
  4788 | Ossuary  | Reached * piety under Cheibriados
  4857 | Ossuary  | Reached skill level 7 in Fighting
  4982 | Ossuary  | Identified the +1 robe "Natyph" {rElec rC+ Int+4} (You
                  | found it on level 7 of the Dungeon)
  5209 | D:7      | Reached ** piety under Cheibriados
  5350 | D:7      | Reached skill level 5 in Dodging
  5595 | D:7      | Found a runed translucent door.
  5595 | D:7      | Found a runed translucent door.
  5635 | D:7      | Reached skill level 8 in Fighting
  5790 | D:7      | Noticed a tengu warrior
  5793 | D:7      | Noticed a troll
  5796 | D:7      | Killed a tengu warrior
  5796 | D:7      | Reached XP level 10. HP: 69/106 MP: 5/9
  5798 | D:7      | Reached skill level 9 in Fighting
  6131 | D:8      | Found a runed translucent gate.
  6133 | D:8      | Found a runed translucent gate.
  6134 | D:8      | Found a runed translucent gate.
  6134 | D:8      | Noticed Aviak's ghost (novice GnFE)
  6137 | D:8      | Identified the +1 broad axe of the Sixty-Six Hells {flame,
                  | Int+7 Dex+4}
  6138 | D:8      | Found a roughly hewn altar of Beogh.
  6268 | D:8      | Reached *** piety under Cheibriados
  6320 | D:8      | Reached skill level 1 in Invocations
  6606 | D:8      | Reached skill level 10 in Fighting
  6965 | D:8      | Reached **** piety under Cheibriados
  6978 | D:8      | Killed Aviak's ghost
  6978 | D:8      | Reached skill level 5 in Invocations
  7276 | D:9      | Reached XP level 11. HP: 111/117 MP: 11/14
  7611 | D:9      | Found a shimmering blue altar of Sif Muna.
  7732 | D:10     | Entered Level 10 of the Dungeon
  7759 | D:10     | Noticed Snorg
  7772 | D:10     | Slain by Snorg

Levels and vault maps discovered:
D:1:      lemuel_arrival_funnel, layout_basic
D:2:      layout_basic, lemuel_coloured_pillars_altar
D:3:      layout_rooms, grunt_dithmenos_smoke, lemuel_crystal_altar,
          nemelex_altar_shiori, minmay_misc_feat_encased, wad_floor_pattern_1,
          serial_bayou_crossing
D:4:      layout_loops_ring, fedhas_bush_and_centaur_altar,
          minmay_temple_entry_butterflies
D:5:      layout_cave_pools, grunt_temple_overflow_holy_war,
          grunt_temple_overflow_lords_of_destruction, lemuel_doored_altar,
          overflow_temple_1_default, grunt_gozag_breadcrumbs, first_ration,
          serial_bayou_ford_a
D:6:      layout_rooms, ashenzari_conservatory_becter, serial_shops,
          nicolae_shop_waterfront, uniq_menkaure
D:7:      minmay_the_grid_triangle_9x9_rhombus_full
          [minmay_the_grid_triangle_9x9_tough_junction,
          minmay_the_grid_triangle_9x9_thin_v,
          minmay_the_grid_triangle_9x9_warning,
          minmay_the_grid_triangle_9x9_corruption,
          minmay_the_grid_triangle_9x9_alien,
          minmay_the_grid_triangle_9x9_negative_grid,
          minmay_the_grid_triangle_9x9_odd_lines,
          minmay_the_grid_triangle_9x9_prize_center], layout_basic,
          cheibriados_altar_1, basic_altar, enter_ossuary_5
D:8:      layout_loops_corners, biasface_ghost_orc_armoury,
          minmay_misc_feat_five, grunt_livestock
D:9:      layout_long_grid, lemuel_blue_sif_altar
D:10:     layout_roguey, kennysheep_orc_monster_closet_entryway, serial_shops,
          shop, minmay_diamond_spiral, uniq_snorg
Temple:   corrupted_temple

Skill      XL: |  1  2  3  4  5  6  7  8  9 10 |
---------------+-------------------------------+-----
Unarmed Combat | 1 2 3 4 5 6 |  6.0
Fighting       | 2 3 5 6 8 10 | 10.0
Throwing       | 4 5 7 |  7.1
Dodging        | 2 3 5 |  5.0
Invocations    | 5 |  5.9
Stealth        | |  0.3

Action                   |  1- 3 |  4- 6 |  7- 9 | 10-12 || total
-------------------------+-------+-------+-------+-------++-------
Melee: Unarmed           |   111 |   104 |   330 |   181 ||   726
       Punch             |     1 |     1 |    12 |     7 ||    21
Throw: Stone             |     3 |     6 |     1 |       ||    10
       Boomerang         |       |       |    35 |    23 ||    58
       Throwing net      |       |       |       |     3 ||     3
Evoke: Wand              |       |       |    10 |     3 ||    13
       Phantom mirror    |       |       |       |     1 ||     1
  Use: Scroll            |     7 |       |    15 |     1 ||    23
 Stab: Sleeping          |     3 |       |     1 |     2 ||     6
       Held in net/web   |       |       |       |     1 ||     1
  Eat: Chunk             |    21 |    11 |    26 |    16 ||    74
Armor: Robe              |    61 |    36 |   127 |    31 ||   255
Dodge: Dodged            |    64 |    21 |   142 |    90 ||   317
